 Dungeon Crawl Stone Soup version 0.28-a0-691-gad6df49e81 (webtiles) character file.

Game seed: 5522588082826396673

37261 kae the Martial Artist (level 13, -6/139 HPs)
             Began as a Pale Draconian Transmuter on Oct 20, 2021.
             Was a High Priest of Wu Jian.
             Succumbed to a death drake's dark miasma
             ... on level 5 of the Lair of Beasts.
             The game lasted 00:21:08 (26665 turns).

kae the Martial Artist (Pale Draconian Transmuter) Turns: 26665, Time: 00:21:09

Health: -6/139     AC:  9    Str: 12    XL:     13   Next: 57%
Magic:  17/19      EV: 12    Int: 19    God:    Wu Jian [*****.]
Gold:   460        SH:  0    Dex: 12    Spells: 12/20 levels left

rFire   x . .      SeeInvis +     - Unarmed
rCold   + + +      Faith    .   (shield currently unavailable)
rNeg    . . .      Spirit   .   (armour unavailable)
rPois   +          Reflect  .   (helmet currently unavailable)
rElec   .          Harm     .   (cloak currently unavailable)
rCorr   +          Rampage  .   (gloves currently unavailable)
Will    .....                   (boots currently unavailable)
Stlth   +.........              (no amulet)
HPRegen 0.33/turn               f - ring of see invisible
MPRegen 0.16/turn               m - ring of resist corrosion

@: lethally poisoned (-6 -> -49), ice-form, slowed, very slow
A: freezing attack, amphibious, boosted hp, (breathe steam), AC +8, large,
unfitting armour, (cold-blooded), (steam resistance)
a: End Transformation, Renounce Religion, Wall Jump, Serpent's Lash, Heavenly
Storm


You were on level 5 of the Lair of Beasts.
You worshipped Wu Jian.
Wu Jian was extremely pleased with you.
You were a creature of crystalline ice.
You visited 3 branches of the dungeon, and saw 16 of its levels.
You also visited: Sewer and Bailey.

You collected 790 gold pieces.
You spent 330 gold pieces at shops.

Inventory:

Hand Weapons
 g - a +1 short sword of flaming
Missiles
 y - 3 throwing nets
Armour
 i - a +1 pair of gloves (melded)
 l - a +0 hat (melded)
Jewellery
 f - a ring of see invisible (left front paw)
 m - a ring of resist corrosion (right front paw)
 x - a ring of magical power
 C - a ring of ice
 G - a ring of flight
Wands
 j - a wand of acid (12)
 p - a wand of polymorph (13)
 q - a wand of iceblast (19)
 t - a wand of mindburst (14)
 B - a wand of flame (20)
Scrolls
 c - 5 scrolls of summoning
 h - 2 scrolls of enchant weapon
 r - 3 scrolls of magic mapping
 D - 4 scrolls of identify
 E - 3 scrolls of teleportation
 F - 2 scrolls of blinking
 H - a scroll of fear
Potions
 a - 3 potions of flight
 b - 4 potions of might
 d - 3 potions of magic
 e - a potion of brilliance
 k - a potion of resistance
 n - 2 potions of attraction
 o - 4 potions of mutation
 s - 3 potions of cancellation
 u - 3 potions of berserk rage
 v - 4 potions of heal wounds
 w - 2 potions of haste
 z - 2 potions of lignification
 A - 3 potions of curing


   Skills:
 + Level 11.4 Fighting
 + Level 6.1 Dodging
 * Level 14.8 Unarmed Combat
 - Level 4.0 Spellcasting
 - Level 12.0 Transmutations
 - Level 5.0 Ice Magic
 - Level 2.0 Poison Magic
 - Level 5.0 Evocations


You had 12 spell levels left.
You knew the following spells:

 Your Spells              Type           Power      Damage    Failure   Level
a - Beastly Appendage     Tmut           98%        N/A       1%          1
b - Spider Form           Tmut/Pois      15%        N/A       2%          3
c - Ice Form              Ice/Tmut       36%        N/A       4%          4

Your spell library contained the following spells:

 Spells                   Type           Power      Damage    Failure   Level
 Sting                    Tmut/Pois      100%       1d8       1%          1
 Wereblood                Tmut           49%        N/A       1%          2
 Ignite Poison            Fire/Tmut/Pois 21%        N/A       6%          3
 Ensorcelled Hibernation  Hex/Ice        26%        N/A       8%          2
 Petrify                  Tmut/Erth      26%        N/A       12%         4
 Poisonous Vapours        Pois/Air       14%        N/A       14%         2
 Slow                     Hex            3%         N/A       21%         2
 Sublimation of Blood     Necr           1%         N/A       21%         2
 Mephitic Cloud           Conj/Pois/Air  6%         N/A       32%         3
 Irradiate                Conj/Tmut      13%        3d18      32%         5
 Call Canine Familiar     Summ           3%         N/A       38%         3
 Confusing Touch          Hex            3%         N/A       38%         3
 Gell's Gravitas          Tloc           1%         N/A       38%         3
 Portal Projectile        Hex/Tloc       6%         N/A       38%         3
 Teleport Other           Tloc           3%         N/A       38%         3
 Tukima's Dance           Hex            3%         N/A       38%         3
 Vampiric Draining        Necr           1%         2d6       38%         3
 Hailstorm                Conj/Ice       13%        3d5       43%         4
 Olgreb's Toxic Radiance  Pois           11%        N/A       52%         4
 Eringya's Noxious Bog    Tmut/Pois      15%        N/A       75%         6
 Leda's Liquefaction      Hex/Erth       1%         N/A       80%         4
 Freezing Cloud           Conj/Ice/Air   5%         6-21      89%         5
 Summon Forest            Summ/Tloc      1%         N/A       98%         5
 Dispersal                Tloc           1%         N/A       100%        6
 Simulacrum               Ice/Necr       6%         N/A       100%        6
 Ozocubu's Refrigeration  Ice            11%        4d7       100%        7
 Summon Hydra             Summ           1%         N/A       100%        7
 Ignition                 Fire           1%         3d3       100%        8
 Polar Vortex             Ice            11%        N/A       100%        9


Dungeon Overview and Level Annotations

Branches:
Dungeon (10/15)            Temple (1/1) D:6            Lair (5/6) D:8
 Shoals (0/4) Lair:3        Snake (0/4) Lair:4        Sewer (visited)
 Bailey (visited)
  Slime: Lair:5-6       Orc: D:9-12

Altars:
Ashenzari
Cheibriados
Dithmenos
Elyvilon
Fedhas
Gozag
Hepliaklqana
Kikubaaqudgha
Makhleb
Nemelex Xobeh
Okawaru
Qazlal
Ru
Sif Muna
Trog
Uskayaw
Vehumet
Wu Jian
Xom
Yredelemnul
Zin
The Shining One

Shops:
D:5 :   D:8 (   D:9 !

Annotations:
Lair:5 1 runed translucent door, Fuch's ghost, journeyman DsCj


Innate Abilities, Weirdness & Mutations

You are a creature of crystalline ice.
You have a powerful freezing melee attack.
You are amphibious.
Your maximum health is increased.
Your armour is entirely melded.
You are incapable of wielding weapons or throwing items.
((You can breathe blasts of scalding, opaque steam.))
((Your pale cyan-grey scales are hard. (AC +8)))
You cannot fit into any form of body armour.
((You are cold-blooded and may be slowed by cold attacks.))
((You are immune to the effects of steam.))


Message History

The death drake barely misses you. The death drake closely misses you.
You closely miss the death drake.
The death drake is heavily wounded.
You feel very sick. The death drake breathes miasma at you.
The foul vapour engulfs you!
You feel as though you will be slow longer.
You hit the death drake.
The death drake seems to slow down.
You freeze the death drake.
The death drake is heavily wounded.
You are engulfed in dark miasma.
You feel sick. The death drake bites you.
You closely miss the death drake.
The death drake is heavily wounded.
You are engulfed in dark miasma.
You are more poisoned.
You feel as though you will be slow longer.
You feel extremely sick. The death drake bites you.
You pummel the death drake!! You freeze the death drake.
The death drake is severely wounded.
You are engulfed in dark miasma.
You are more poisoned.
* * * LOW HITPOINT WARNING * * *
You feel extremely sick.
The death drake is no longer moving slowly.
The death drake bites you.
* * * LOW HITPOINT WARNING * * *
You hit the death drake but do no damage.
The death drake is severely wounded.
You are engulfed in dark miasma.
You are more poisoned.
You feel as though you will be slow longer.
* * * LOW HITPOINT WARNING * * *
x2 You feel extremely sick.
The death drake barely misses you.
You pummel the death drake!! You freeze the death drake.
You kill the death drake!
The Council accepts your kill.
The lindwurm returns to its original shape as it dies.
You die...

##.......≈≈≈≈≈.. ≈
#.......≈§§≈..# §
#......≈§§§≈.## §
#......≈§≈≈§.## k?##.≈
##.......≈≈≈≈w.# .#.§≈
#...#....≈≈§§§§. ##..§≈
##..##P..≈≈≈≈§...##..k§≈
#........≈§§≈≈§§...§§≈≈
##.....Y†.≈≈≈≈≈§§§≈≈≈≈§≈
#....#.....§§§≈§§≈≈≈≈≈≈≈
#..........§≈§≈≈≈≈§≈≈≈§§
##..........§..≈≈≈≈§§§≈..
#.#..........§....≈≈.....
##.......................
#.......................
##......................
#.......................


You could see a torpor snail.

Vanquished Creatures
  Josephine (Lair:5)
  Fannar (D:10)
  Harold (D:9)
  2 hydras
  2 two-headed ogres
  A death drake (Lair:5)
  A lindwurm (Lair:5)
  A cyclops (D:8)
  10 elephants
  A manticore (D:8)
  5 black mambas
  A torpor snail (Lair:2)
  7 cane toads
  Maggie (D:8)
  Psyche (D:8)
  3 rime drakes
  6 komodo dragons
  A troll (D:10)
  A polar bear (Lair:5)
  10 blink frogs
  11 dream sheep
  3 wyverns
  4 wraiths (Lair:5)
  40 yaks
  4 basilisks
  Grum (Lair:1)
  3 steam dragons
  2 vampire mosquitoes (D:8)
  An acid dragon (D:9)
  10 water moccasins
  5 sky beasts
  A hornet zombie (D:8)
  An ice beast (D:4)
  A black bear (Lair:2)
  8 ogres
  12 orc warriors
  5 necrophages (Lair:3)
  11 wolves
  4 centaurs
  2 phantoms (D:5)
  4 kobold brigands
  11 bullfrogs
  A gnoll sergeant (D:10)
  2 scorpions
  A water moccasin skeleton (D:4)
  6 killer bees (D:9)
  13 wights
  3 electric eels
  A howler monkey (D:8)
  2 bullfrog zombies
  A centaur zombie (D:10)
  A jelly (D:5)
  A centaur skeleton (D:6)
  8 orc priests
  3 hounds (D:5)
  13 orc wizards
  2 iguanas (D:5)
  2 hell rats (Lair:4)
  2 howler monkey zombies (D:10)
  9 adders
  11 gnolls
  12 river rats
  A shadow imp (D:7)
  4 worms
  3 dart slugs
  50 orcs
  11 endoplasms
  4 giant cockroaches
  18 goblins
  17 hobgoblins
  6 jackals
  24 kobolds
  9 quokkas
  17 ball pythons
  5 bats
  13 frilled lizards
  16 rats
493 creatures vanquished.

Vanquished Creatures (others)
  A hydra (D:8)
  An orc (D:4)
  35 fungi
  37 plants
74 creatures vanquished.

Grand Total: 567 creatures vanquished

Notes
Turn   | Place    | Note
-------+----------+-------------------------------------------
     0 | D:1      | kae the Draconian Transmuter began the quest for the Orb.
     0 | D:1      | Reached XP level 1. HP: 16/16 MP: 3/3
   429 | D:1      | Reached XP level 2. HP: 20/23 MP: 5/5
   924 | D:1      | Reached XP level 3. HP: 27/29 MP: 4/6
   928 | D:1      | Learned a level 3 spell: Spider Form
  1036 | D:1      | Found a faded altar of an unknown god.
  1248 | D:2      | Found a glowing golden altar of the Shining One.
  1790 | D:2      | Reached XP level 4. HP: 29/36 MP: 5/7
  1900 | D:2      | Reached skill level 1 in Poison Magic
  2044 | D:2      | Reached skill level 4 in Unarmed Combat
  2698 | D:3      | Reached XP level 5. HP: 36/42 MP: 4/8
  2736 | D:3      | Learned a level 4 spell: Ice Form
  2799 | D:3      | Found a glowing drain.
  2803 | Sewer    | Entered a sewer
  3837 | D:3      | Reached skill level 1 in Ice Magic
  4144 | D:4      | Reached XP level 6. HP: 42/50 MP: 9/9
  4306 | D:4      | Noticed an ice beast
  4333 | D:4      | Killed an ice beast
  4528 | D:4      | Reached skill level 5 in Unarmed Combat
  4528 | D:4      | Your scales start taking on a pale cyan-grey colour.
  4528 | D:4      | Reached XP level 7. HP: 4/57 MP: 7/10
  4528 | D:4      | Gained mutation: You are immune to the effects of steam.
                  | [Pale Draconian growth]
  5545 | D:5      | Entered Level 5 of the Dungeon
  5823 | D:4      | HP: 2/57 [something/magic dart (2)]
  5835 | D:4      | Reached skill level 5 in Transmutations
  6027 | D:5      | Found Fewkigi's Book Boutique.
  6472 | D:5      | Reached XP level 8. HP: 43/66 MP: 11/11
  6596 | D:5      | Reached skill level 6 in Unarmed Combat
  7254 | D:5      | Found a shimmering altar of Xom.
  7735 | D:6      | Found a staircase to the Ecumenical Temple.
  7826 | Temple   | Entered the Ecumenical Temple
  7965 | Temple   | Became a worshipper of the Wu Jian Council
  8038 | D:6      | Reached skill level 5 in Ice Magic
  8258 | D:6      | Reached skill level 7 in Unarmed Combat
  8333 | D:6      | Reached XP level 9. HP: 73/73 MP: 8/12
  8657 | D:7      | Reached skill level 5 in Fighting
  9139 | D:7      | Identified the +4 great sword of Degoiwum {vorpal, rElec
                  | rN+ Int-3}
  9268 | D:7      | Found a burning altar of Makhleb.
  9292 | D:7      | Reached * piety under Wu Jian
  9983 | D:7      | Reached skill level 8 in Unarmed Combat
 10513 | D:8      | Found a flagged portal.
 10513 | D:8      | Noticed Psyche
 10513 | D:8      | Noticed Joseph
 10537 | D:8      | Noticed Joseph
 10537 | D:8      | Joseph changed into Joseph the steam dragon
 10540 | D:8      | Killed Joseph the steam dragon
 10543 | D:8      | Killed Psyche
 10556 | Bailey   | Entered a bailey
 10919 | Bailey   | Reached ** piety under Wu Jian
 11022 | Bailey   | Reached skill level 9 in Unarmed Combat
 11023 | Bailey   | Reached XP level 10. HP: 18/84 MP: 13/13
 11422 | Bailey   | Noticed an orc knight
 11433 | Bailey   | Noticed an orc warlord
 11477 | Bailey   | Noticed an orc knight
 12124 | D:8      | Reached *** piety under Wu Jian
 12246 | D:8      | Found Buar's Weapon Shop.
 12714 | D:8      | Noticed a two-headed ogre
 12714 | D:8      | Noticed a cyclops
 12721 | D:8      | Killed a two-headed ogre
 12722 | D:8      | Reached skill level 10 in Unarmed Combat
 12722 | D:8      | Noticed a seven-headed hydra
 12726 | D:8      | Killed a cyclops
 12727 | D:8      | Reached skill level 10 in Transmutations
 12741 | D:8      | Killed a seven-headed hydra
 12742 | D:8      | Noticed Maggie
 12750 | D:8      | Killed Maggie
 12750 | D:8      | Noticed a manticore
 12755 | D:8      | Killed a manticore
 12756 | D:8      | Reached XP level 11. HP: 21/94 MP: 12/14
 13217 | D:8      | Found a staircase to the Lair.
 13601 | D:8      | Reached skill level 11 in Unarmed Combat
 14033 | D:9      | Reached **** piety under Wu Jian
 14429 | D:9      | Found Nanlamun's Distillery.
 14451 | D:9      | Noticed Harold
 14495 | D:9      | Killed Harold
 14713 | D:9      | Bought 2 potions of lignification for 90 gold pieces
 14713 | D:9      | Bought 2 potions of heal wounds for 150 gold pieces
 14713 | D:9      | Bought 2 potions of curing for 90 gold pieces
 15451 | D:10     | Entered Level 10 of the Dungeon
 16146 | D:10     | Noticed Fannar
 16166 | D:10     | Killed Fannar
 16237 | D:10     | Noticed a two-headed ogre
 16247 | D:10     | Killed a two-headed ogre
 16687 | Lair:1   | Entered Level 1 of the Lair of Beasts
 16801 | Lair:1   | Reached skill level 12 in Unarmed Combat
 17043 | Lair:1   | Noticed Grum
 17050 | Lair:1   | Killed Grum
 17137 | Lair:1   | Noticed a six-headed hydra
 17194 | D:8      | Reached skill level 1 in Evocations
 17986 | D:8      | Killed a six-headed hydra
 18265 | Lair:1   | Reached XP level 12. HP: 104/104 MP: 10/15
 18766 | Lair:2   | Reached ***** piety under Wu Jian
 19862 | Lair:2   | Reached skill level 13 in Unarmed Combat
 19871 | Lair:2   | HP: 3/127 [dream sheep (21)]
 20378 | Lair:2   | Reached skill level 10 in Fighting
 20573 | Lair:2   | Noticed a six-headed hydra
 20579 | Lair:2   | Killed a six-headed hydra
 21614 | Lair:3   | Reached skill level 5 in Evocations
 22097 | Lair:3   | Reached XP level 13. HP: 111/111 MP: 16/19
 22306 | Lair:3   | Found a staircase to the Shoals.
 22777 | Lair:4   | Found a staircase to the Snake Pit.
 22976 | Lair:4   | Reached skill level 5 in Dodging
 22985 | Lair:4   | Reached skill level 14 in Unarmed Combat
 24115 | Lair:5   | Noticed Josephine
 24222 | Lair:5   | Found a runed translucent door.
 24326 | Lair:5   | Found a shimmering altar of Xom.
 24326 | Lair:5   | Noticed Fuch's ghost (journeyman DsCj)
 25751 | Lair:5   | Killed Josephine
 26664 | Lair:5   | HP: 6/139 [poisoned by a death drake (dark miasma)]
 26665 | Lair:5   | Succumbed to a death drake's dark miasma

Illustrated notes

Levels and vault maps discovered:
D:1:      minmay_arrival_three_doors, layout_loops_ring,
          dreamdust_ecumenical_altar_hidden_monk_grotto
D:2:      layout_rooms, basic_altar, hangedman_decor_clover_reticule
D:3:      layout_loops_ring, gup_sewer_entry_spiral, minmay_misc_feat_iff,
          minmay_quadrilaterals
D:4:      layout_cave_pods
D:5:      layout_loops_ring, tgw_xom, serial_shops, shop, st_stairs_7
D:6:      layout_cave_pools, minmay_temple_entry_arrows
D:7:      layout_rooms, mainiacjoe_overflow_24_doors, hex_large
D:8:      minmay_slanted_spiral_squares, layout_loops_cross, lair_entry_dummy,
          enter_bailey_2, serial_shops, nicolae_shop_trees, uniq_maggie,
          uniq_psyche, uniq_joseph
D:9:      layout_rooms, serial_shops, nicolae_inconvenience_store,
          grunt_ogre_cave, serial_bayou_ford_a, uniq_harold
D:10:     layout_loops_ring, minmay_fountain_box, uniq_fannar
Temple:   regret_index_temple_chain_breaker
Lair:1:   layout_hall_layers, chequers_serial_rivers_marsh, grunt_megastairs_1,
          uniq_grum
Lair:2:   layout_regular_city, minmay_stone_trees_small,
          grunt_forest_small_clearing_treed, grunt_megastairs_5
Lair:3:   layout_regular_city, minmay_shoals_entry_hut, roderic_carrion_pond,
          serial_bayou_shore_b
Lair:4:   layout_roguey, dummy_snake_entry, kennysheep_rathole
Lair:5:   layout_regular_city, ebering_ghost_xom, minmay_lindwurm_lava,
          uniq_josephine

Skill      XL: |  1  2  3  4  5  6  7  8  9 10 11 12 13 |
---------------+----------------------------------------+-----
Transmutations | 3 4 5 6 8 10 11 12 | 12.0
Fighting       | 2 3 4 6 7 9 10 11 | 11.4
Poison Magic   | 1 2 |  2.0
Unarmed Combat | 4 5 7 9 10 12 13 14 | 14.8
Ice Magic      | 1 2 4 5 |  5.0
Dodging        | 2 4 6 |  6.1
Evocations     | 1 5 |  5.0
Spellcasting   | 4 |  4.0

Action                   |  1- 3 |  4- 6 |  7- 9 | 10-12 | 13-15 || total
-------------------------+-------+-------+-------+-------+-------++-------
Melee: Unarmed           |    93 |    55 |   264 |   571 |   220 ||  1203
       Kick              |    18 |     5 |     6 |       |       ||    29
       Headbutt          |    14 |     7 |     1 |       |       ||    22
       Tailslap          |     6 |    16 |     5 |     2 |     2 ||    31
       Short sword       |    15 |   160 |    51 |       |       ||   226
       Punch             |       |     2 |     1 |     1 |       ||     4
 Cast: Beastly Appendage |    25 |    26 |     4 |       |       ||    55
       Spider Form       |     1 |     7 |    17 |       |       ||    25
       Ice Form          |       |       |    21 |    63 |    23 ||   107
Invok: Lunge             |       |       |    11 |    47 |    10 ||    68
       Whirlwind         |       |       |     6 |     6 |    10 ||    22
 Abil: Breathe Steam     |       |       |    12 |    11 |    14 ||    37
       End Transformatio |       |       |       |     2 |     1 ||     3
Evoke: Wand              |       |       |       |       |     4 ||     4
  Use: Scroll            |       |     8 |    10 |     6 |     2 ||    26
       Potion            |       |     2 |     6 |     4 |     1 ||    13
 Stab: Sleeping          |       |     1 |       |       |       ||     1
       Invisible         |       |       |       |     3 |       ||     3
Armor: Skin              |    31 |    73 |   106 |   133 |    61 ||   404
Dodge: Dodged            |    81 |   151 |   218 |   219 |   102 ||   771

Table legend: (Time is in decaauts)
 A = Elapsed time spent in this place.
 B = Non-inter-level travel time spent in this place.
 C = Inter-level travel time spent in this place.
 D = Time resting spent in this place.
 E = Time spent auto-exploring this place.
 F = Levels seen in this place.
 G = Mean time per level.
                   A        B        C        D        E       F      G
               +--------+--------+--------+--------+--------+-----+--------+
         Total |  26607 |  25980 |    627 |   2332 |  19962 |  18 | 1478.2 |
       Dungeon |  15786 |  15345 |    441 |   1013 |  12265 |  10 | 1578.6 |
        Temple |    148 |    120 |     28 |      0 |    100 |   1 |  148.0 |
          Lair |   9003 |   8846 |    157 |    884 |   6877 |   5 | 1800.6 |
         Sewer |    505 |    505 |      0 |      0 |    376 |   1 |  505.0 |
        Bailey |   1163 |   1163 |      0 |    435 |    343 |   1 | 1163.0 |
               +--------+--------+--------+--------+--------+-----+--------+

Top non-repeatable levels by time:
     D:8: 2707 daAuts
  Lair:5: 2385 daAuts
  Lair:2: 2051 daAuts
     D:4: 1984 daAuts
     D:7: 1959 daAuts
  Lair:4: 1747 daAuts
  Lair:3: 1731 daAuts
     D:9: 1713 daAuts
     D:5: 1576 daAuts
     D:1: 1534 daAuts
    D:10: 1183 daAuts
  Bailey: 1163 daAuts
  Lair:1: 1087 daAuts
     D:6: 1079 daAuts
     D:3: 1034 daAuts
